Map: 赛博森林-天梯版

Players

Elazer - Winner!

  • Race: Zerg Zerg

Sioras

  • Race: Zerg Zerg

Event: WESG 2018 Grand Finals

VOD

Have the link to the VOD?

Description

Time

  • Played on: March 11, 2019, 4:22 a.m.
  • Length: 8:11

All games in this series

Show
View Real Time Build Order
Export as new Build Order

Elazer Zerg - Winner!

Build Orders: Hatch First 

Get SALT Encoding   

  12  0:00  Drone  
  13  0:12  Overlord  
  13  0:16  Drone  
  14  0:30  Drone x2  
  16  0:48  Hatchery  
  15  0:51  Drone  
  15  0:55  Drone  
  17  1:08  Spawning Pool  
  16  1:11  Drone  
  16  1:15  Drone  
  18  1:18  Drone  
  18  1:22  Extractor  
  18  1:41  Drone x2  
  20  1:49  Overlord  
  20  1:55  Queen  
  20  2:00  Queen, Zergling x2  
  25  2:03  Drone  
  26  2:10  Drone  
  26  2:11  Drone  
  28  2:21  Drone x2  
  30  2:30  Queen  
  30  2:33  Overlord  
  30  2:35  Drone  
  33  2:39  Lair  
  33  2:42  Drone  
  33  2:43  Drone  
  35  2:47  Evolution Chamber  
  34  2:53  Drone  
  34  2:54  Drone  
  36  3:03  Drone  
  37  3:06  Drone x4  
  37  3:10  Drone  
  37  3:12  Roach Warren, Drone  
  41  3:14  Drone  
  42  3:20  Zerg Missile Weapons Level 1  
  42  3:22  Overlord  
  42  3:24  Drone  
  43  3:27  Extractor  
  43  3:29  Drone  
  43  3:30  Drone, Extractor  
  43  3:38  Drone  
  43  3:40  Overlord  
  44  3:42  Overseer  
  44  3:44  Drone x2  
  44  3:45  Drone x2  
  44  3:47  Overlord  
  48  3:52  Roach  
  50  3:56  Overlord  
  50  3:58  Roach  
  52  4:05  Overlord  
  52  4:08  Roach  
  54  4:13  Roach  
  54  4:14  Roach  
  54  4:16  Roach x3  
  64  4:20  Overlord  
  64  4:21  Roach  
  64  4:23  Roach  
  68  4:30  Overlord  
  68  4:34  Roach  
  68  4:36  Glial Reconstitution  
  70  4:43  Roach x2  
  74  4:48  Roach x3  
  78  4:53  Roach x2  
  78  4:59  Roach x2  
  76  5:04  Roach  
  69  5:08  Roach  
  69  5:12  Roach  
  69  5:18  Drone x2  
  71  5:26  Drone  
  71  5:28  Drone  
  73  5:31  Zerg Missile Weapons Level 2  
  73  5:39  Drone x2  
  73  5:41  Drone x3  
  78  5:43  Hatchery  
  78  5:48  Roach x3  
  83  5:53  Overlord  
  83  5:54  Roach  
  85  6:02  Roach x2  
  89  6:08  Overlord  
  89  6:14  Roach x4  
  99  6:18  Roach x2  
  99  6:24  Overlord  
  101  6:29  Roach x2  
  105  6:35  Overlord  
  105  6:38  Roach x3  
  111  6:46  Roach x3  
  109  6:56  Roach x3  
  109  7:01  Ravager  
  106  7:03  Roach x2  
  97  7:10  Roach  
  97  7:11  Roach x3  
  97  7:14  Roach  
  97  7:15  Roach x2  
  101  7:19  Roach x2  
  99  7:26  Roach  
  95  7:30  Drone x3  
  95  7:31  Ravager  
  97  7:38  Drone x3  
  98  7:45  Drone x3  
Show
View Real Time Build Order
Export as new Build Order

Sioras Zerg 

Build Orders: Pool First 

Get SALT Encoding   

  12  0:00  Drone  
  13  0:08  Drone  
  14  0:16  Overlord  
  14  0:22  Extractor  
  14  0:23  Drone  
  15  0:34  Drone x2  
  17  0:44  Spawning Pool  
  17  0:47  Drone  
  17  0:53  Extractor  
  17  0:54  Drone  
  17  1:13  Hatchery  
  17  1:16  Drone  
  17  1:19  Drone  
  18  1:30  Zergling x2  
  19  1:33  Queen  
  21  1:40  Overlord  
  21  1:48  Drone  
  22  1:58  Drone  
  23  2:09  Drone  
  24  2:20  Drone  
  25  2:25  Drone  
  25  2:27  Queen  
  25  2:29  Queen  
  30  2:31  Drone  
  30  2:36  Drone  
  32  2:41  Overlord  
  32  2:44  Drone  
  32  2:45  Drone x2  
  35  2:52  Drone  
  36  3:01  Evolution Chamber  
  36  3:03  Drone  
  36  3:05  Roach Warren  
  35  3:08  Drone  
  36  3:17  Metabolic Boost  
  36  3:18  Overlord  
  36  3:20  Overlord  
  36  3:22  Overlord  
  36  3:45  Roach x8  
  36  3:46  Roach  
  54  3:53  Roach x2  
  58  4:00  Roach  
  60  4:05  Overlord  
  60  4:12  Zergling x10  
  65  4:17  Zergling x2  
  65  4:18  Zergling x2  
  65  4:24  Zergling x2  
  68  4:28  Zergling x2  
  69  4:34  Zergling x2  
  71  4:38  Zergling x2  
  64  4:53  Zergling x16  
  64  4:55  Hatchery  
  64  4:58  Zerg Missile Weapons Level 1  
  61  5:03  Zergling x2  
  61  5:04  Zergling x2  
  56  5:12  Lair, Drone  
  53  5:16  Drone  
  54  5:22  Extractor  
  54  5:23  Drone  
  54  5:25  Drone  
  55  5:33  Drone  
  55  5:35  Drone  
  57  5:36  Extractor  
  55  5:46  Drone x4  
  59  5:50  Overlord  
  59  5:52  Roach x3  
  65  6:00  Overlord  
  65  6:02  Roach  
  67  6:14  Roach x3  
  71  6:19  Roach x2  
  74  6:26  Roach x2  
  74  6:30  Roach  
  74  6:31  Overlord, Glial Reconstitution  
  80  6:33  Roach  
  80  6:34  Queen  
  80  6:39  Roach x2  
  90  6:47  Roach x3  
  90  6:54  Roach x2  
  86  7:00  Roach  
  86  7:01  Roach  
  84  7:02  Zergling x4  
  84  7:06  Roach  
  76  7:09  Roach  
  76  7:12  Roach  
  76  7:15  Roach  
  76  7:20  Roach x2  
  70  7:23  Roach  
  64  7:30  Roach  
  64  7:31  Roach  
  66  7:37  Roach x3  
  66  7:43  Roach x2  
Tags
 
Add a new tag
Caveats
  • Supply blocks, unpowered buildings, or Contaminate may cause inaccurate times.
  • Supply counts are checked every 10 seconds.